 Dungeon Crawl Stone Soup version 0.16.1-11-g651b585 (webtiles) character file.

6881 maniek23 the Nimble (level 11, -2/56 HPs)
             Began as a Vine Stalker Transmuter on Apr 3, 2015.
             Was an Initiate of Sif Muna.
             Slain by Snorg (10 damage)
             ... on level 1 of the Orcish Mines.
             The game lasted 00:57:18 (10625 turns).

maniek23 the Nimble (Vine Stalker Transmuter)      Turns: 10625, Time: 00:57:18

Health: -2/56      AC: 10    Str: 14    XL:     11   Next: 6%
Magic:  0/26       EV: 18    Int: 26    God:    Sif Muna [......]
Gold:   818        SH:  0    Dex: 18    Spells: 4 memorised, 12 levels left

rFire  + + .     SeeInvis +     P - +6 flail of Equivalence {vamp, rF+ Int+3 Dex+4}
rCold  + . .     Clarity  .     l - +4 robe of Okawaru's Displeasure {rF+ rC+ Int+3 Dex-2 Stlth+}
rNeg   . . .     SustAb   .     (no shield)
rPois  .         Gourm    .     O - +0 helmet {SInv}
rElec  .         Spirit   +     g - +1 cloak
rCorr  .         Warding  .     M - +0 pair of gloves
rMut   .         Stasis   .     (boots unavailable)
MR     +....                    (no amulet)
Stlth  ++++......               (no ring)
                                s - +6 ring of intelligence

@: appendage, very slightly contaminated, somewhat resistant to hostile
enchantments, stealthy
A: fangs 3, talons 3, regeneration 2, magic shield, antimagic bite, no device
heal 3, rot immunity
a: End Transformation, Renounce Religion


You were on level 1 of the Orcish Mines.
You worshipped Sif Muna.
Sif Muna was noncommittal.
You were hungry.
You had grown temporary talons.
You visited 3 branches of the dungeon, and saw 12 of its levels.
You also visited: Sewer.

You collected 818 gold pieces.

Inventory:

Hand weapons
 a - a +1 dagger of electrocution
 L - a +6 flail of draining
 P - the +6 flail of Equivalence (weapon) {vamp, rF+ Int+3 Dex+4}
   (You found it on level 6 of the Dungeon)

   It inflicts no extra harm, but heals its wielder somewhat when it strikes a
   living foe.
   It affects your intelligence (+3).
   It affects your dexterity (+4).
   It protects you from fire.
 Y - a +0 dagger of venom
 Z - a +1 short sword of protection
Missiles
 b - 175 arrows
Armour
 g - a +1 cloak (worn)
 l - the +4 robe of Okawaru's Displeasure (worn) {rF+ rC+ Int+3 Dex-2 Stlth+}
   (You found it on level 9 of the Dungeon)

   It affects your intelligence (+3).
   It affects your dexterity (-2).
   It protects you from fire.
   It protects you from cold.
   It makes you more stealthy.
 M - a +0 pair of gloves (worn)
 O - a +0 helmet of see invisible (worn)
Jewellery
 s - a +6 ring of intelligence (left hand)
Magical devices
 f - a wand of magic darts (27)
 p - a wand of paralysis (5)
 J - a wand of slowing (23)
 N - a wand of fireball (9)
 T - a wand of teleportation (5)
 U - a wand of random effects (16)
Scrolls
 c - a scroll of holy word {unknown}
 e - 2 scrolls of remove curse
 i - a scroll of immolation {unknown}
 k - a scroll of noise
 o - 3 scrolls of fog
 q - a scroll of blinking {unknown}
 x - a scroll of enchant armour {unknown}
 y - a scroll of magic mapping
 D - a scroll of recharging
 G - 2 scrolls of teleportation {unknown}
 K - 2 scrolls of identify
 R - a scroll of torment {unknown}
 S - 2 scrolls of random uselessness {unknown}
 V - a scroll of amnesia {unknown}
Potions
 j - 2 potions of ambrosia
 r - 2 potions of brilliance {unknown}
 t - 2 potions of haste {unknown}
 w - 2 potions of restore abilities {unknown}
 z - 4 potions of lignification {unknown}
 B - a potion of degeneration {unknown}
 C - 2 potions of might {unknown}
 E - a potion of poison {unknown}
 F - a potion of cancellation {unknown}
 H - 9 potions of curing
 I - 3 potions of flight {unknown}
 Q - a potion of mutation {unknown}
 W - a potion of berserk rage {unknown}
Books
 d - a book of Changes

   Spells                             Type                      Level
   a - Beastly Appendage              Transmutation                1
   b - Sticks to Snakes               Transmutation                2
   c - Spider Form                    Transmutation/Poison         3
   d - Ice Form                       Ice/Transmutation            4
   e - Blade Hands                    Transmutation                5
 n - a book of Burglary

   Spells                             Type                      Level
   a - Swiftness                      Charms/Air                   2
   b - Passwall                       Transmutation/Earth          3
   c - Passage of Golubria            Translocation                4
   d - Lee's Rapid Deconstruction     Earth                        5
   e - Invisibility                   Hexes                        6
   f - Darkness                       Hexes                        7
Comestibles
 h - 7 chunks of flesh
 m - 7 fruits
 u - 8 bread rations
 v - a meat ration
 A - 6 beef jerkies
 X - a slice of pizza


   Skills:
 + Level 6.0 Fighting
 + Level 1.2 Short Blades
 + Level 4.1 Maces & Flails
 + Level 8.0 Dodging
 + Level 5.1 Stealth
 * Level 6.0 Unarmed Combat
 + Level 6.3 Spellcasting
 * Level 6.0 Transmutations
 * Level 2.0 Ice Magic
 + Level 1.3 Poison Magic


You had 12 spell levels left.
You knew the following spells:

 Your Spells              Type           Power        Failure   Level  Hunger
a - Beastly Appendage     Trmt           #####.       1%          1    None
b - Sticks to Snakes      Trmt           #####.....   1%          2    None
c - Spider Form           Trmt/Pois      ####......   6%          3    None
d - Ice Form              Ice/Trmt       ####....     14%         4    ###....


Dungeon Overview and Level Annotations

Branches:
Dungeon (9/15)             Temple (1/1) D:7            Lair (0/8) D:9
    Orc (2/4) D:9

Altars:
Ashenzari
Cheibriados
Dithmenos
Elyvilon
Fedhas
Gozag
Kikubaaqudgha
Makhleb
Nemelex Xobeh
Okawaru
Qazlal
Ru
Sif Muna
Trog
Vehumet
Xom
Yredelemnul
Zin
The Shining One
Beogh

Shops:
D:5 }(:   D:7 !   Orc:1 }

Annotations:
D:5 Fanu's ghost, average DEWz
Orc:1 Snorg


Innate Abilities, Weirdness & Mutations

You have razor-sharp teeth.
You heal very quickly.
When hurt, damage is shared between your health and your magic reserves.
Your bite disrupts and absorbs the magic of your enemies.
Potions and wands cannot restore your health.
You are immune to rotting.
You have claws for feet.


Message History

You barely miss Snorg.
Snorg is lightly wounded.
Snorg barely misses you. Snorg misses you. Snorg claws you! Snorg bites you!!
Snorg claws you! Snorg misses you. Snorg misses you. Snorg closely misses you.
Snorg claws you but does no damage. Snorg bites you.
Snorg claws you but does no damage. Snorg claws you but does no damage.
Snorg closely misses you. Snorg barely misses you. Snorg claws you.
* * * LOW HITPOINT WARNING * * *
Snorg rages.
Snorg rages.
Snorg bites you but does no damage. Snorg claws you!
* * * LOW HITPOINT WARNING * * *
Snorg claws you but does no damage.
Read which item? (? for menu, Esc to quit)
As you read the scroll of fog, it crumbles to dust.
The scroll dissolves into smoke.
Snorg bites you.
* * * LOW HITPOINT WARNING * * *
Snorg claws you but does no damage. Snorg claws you!
You die...

.#$#...#.#.#..##
...........>....#
...........))..##
................#
...#...........#
..............##
.........#o....#
........§T§...#
......§§@§..##
#......§§§..#
.......#....#
....... ....#
##..... .#.##
...... .### .....
.. .... .. . .


You could see Snorg (berserk) and an orc.

Vanquished Creatures
  Maurice (D:8)
  Joseph (D:8)
  A fire drake (D:9)
  The ghost of Siriah the Insei, an average DrTm of Dithmenos (D:6)
  Prince Ribbit (D:6)
  A deep elf mage (D:9)
  A water moccasin (D:7)
  Edmund (D:5)
  3 hungry ghosts
  7 orc warriors
  The ghost of maniek23 the Ruffian, an average VSTm (D:3)
  An eye of draining (D:8)
  A phantom (D:4)
  A necrophage (D:9)
  2 ice beasts
  A sky beast (D:9)
  4 centaurs
  4 ogres
  6 big kobolds
  Blork the orc (D:5)
  4 giant frogs
  3 killer bees (D:8)
  2 scorpions
  4 crimson imps
  A quasit (D:5)
  2 centaur zombies (D:6)
  2 goliath beetles
  10 orc priests
  7 hounds
  A giant frog skeleton (D:5)
  2 jellies (D:8)
  4 iguanas
  12 orc wizards
  5 worker ants
  2 worker ant zombies
  A gnoll (D:8)
  8 adders
  6 river rats (Sewer)
  A shadow imp (D:7)
  2 giant mites
  4 worms
  An adder zombie (D:5)
  2 adder skeletons
  6 giant geckos
  3 oozes
  73 orcs
  2 bat skeletons
  4 bat zombies
  6 giant cockroaches
  16 goblins
  16 hobgoblins
  A jackal (D:3)
  34 kobolds
  8 ball pythons
  17 bats
  3 giant newts
  A jackal zombie (D:8)
  5 quokkas
  29 rats
350 creatures vanquished.

Vanquished Creatures (collateral kills)
  An orc warrior (D:6)
  An orc wizard (D:6)
  A river rat (Sewer)
  2 kobolds (Sewer)
5 creatures vanquished.

Vanquished Creatures (others)
  An orc (D:9)
1 creature vanquished.

Grand Total: 356 creatures vanquished

Notes
Turn   | Place    | Note
--------------------------------------------------------------
     0 | D:1      | maniek23, the Vine Stalker Transmuter, began the quest for the Orb.
     0 | D:1      | Reached XP level 1. HP: 9/9 MP: 3/3
   104 | D:1      | Reached skill level 1 in Fighting
   115 | D:1      | Reached XP level 2. HP: 11/14 MP: 5/5
   313 | D:1      | Found a shattered altar of Ashenzari.
   539 | D:2      | Learned a level 2 spell: Sticks to Snakes
   586 | D:2      | Reached XP level 3. HP: 15/18 MP: 5/7
  1177 | D:2      | Found a glowing silver altar of Zin.
  1526 | D:3      | Noticed maniek23's ghost (average VSTm)
  1744 | D:3      | Reached XP level 4. HP: 18/22 MP: 9/9
  2091 | D:3      | Reached XP level 5. HP: 21/25 MP: 11/13
  2358 | D:3      | Learned a level 3 spell: Spider Form
  2563 | D:3      | Killed maniek23's ghost
  2563 | D:3      | Reached skill level 1 in Stealth
  2563 | D:3      | Gained mutation: You heal very quickly. [vine stalker growth]
  2563 | D:3      | Reached XP level 6. HP: 28/30 MP: 6/15
  2947 | D:4      | Found a sparkling altar of Nemelex Xobeh.
  3043 | D:4      | Reached skill level 4 in Unarmed Combat
  3263 | D:4      | Found a glowing drain.
  3274 | Sewer    | Entered a sewer
  3341 | Sewer    | Reached XP level 7. HP: 28/35 MP: 9/17
  3957 | D:4      | Found a sacrificial altar of Ru.
  4342 | D:5      | Entered Level 5 of the Dungeon
  4384 | D:5      | Gained mutation: You have razor-sharp teeth. [vine stalker growth]
  4384 | D:5      | Reached XP level 8. HP: 38/40 MP: 18/20
  4424 | D:5      | Found Qaaf's Book Boutique.
  4435 | D:5      | Found Pnuovaxu's Antique Weapon Emporium.
  4501 | D:5      | Noticed Edmund
  4519 | D:5      | Killed Edmund
  4678 | D:5      | Found Lelyz's Gadget Shoppe.
  4713 | D:5      | Noticed Fanu's ghost (average DEWz)
  4713 | D:5      | Noticed Blork the orc
  4932 | D:5      | Reached skill level 5 in Unarmed Combat
  4946 | D:5      | Reached skill level 1 in Poison Magic
  5112 | D:5      | Killed Blork the orc
  5277 | D:6      | Reached skill level 5 in Dodging
  5408 | D:6      | Reached skill level 1 in Short Blades
  5648 | D:6      | Noticed Prince Ribbit
  5648 | D:6      | Noticed Siriah's ghost (average DrTm)
  5681 | D:6      | Killed Siriah's ghost
  5681 | D:6      | Reached skill level 5 in Spellcasting
  5681 | D:6      | Reached skill level 5 in Transmutations
  5681 | D:6      | Reached XP level 9. HP: 40/45 MP: 18/23
  5697 | D:6      | Killed Prince Ribbit
  5851 | D:6      | Got a smoking flail
  5867 | D:6      | Identified the +6 flail of Equivalence {vamp, rF+ Int+3 Dex+4} (You found it on level 6 of the Dungeon)
  6487 | D:7      | Reached skill level 6 in Dodging
  6554 | D:7      | Reached skill level 1 in Maces & Flails
  6771 | D:7      | Found a staircase to the Ecumenical Temple.
  6787 | Temple   | Entered the Ecumenical Temple
  7148 | Temple   | Became a worshipper of Sif Muna the Loreminder
  7312 | D:7      | Found Syucwoth's Distillery.
  7719 | D:7      | Learned a level 4 spell: Ice Form
  7752 | D:8      | Reached XP level 10. HP: 48/51 MP: 21/24
  7821 | D:8      | Reached skill level 5 in Fighting
  7841 | D:8      | Noticed Joseph
  7850 | D:8      | Reached skill level 7 in Dodging
  7873 | D:8      | Killed Joseph
  8188 | D:8      | Noticed Maurice
  8197 | D:8      | Paralysed by Maurice for 7 turns
  8210 | D:8      | Killed Maurice
  8636 | D:9      | Found a staircase to the Lair.
  8718 | D:9      | Got a twisted robe
  8729 | D:9      | Identified the +4 robe of Okawaru's Displeasure {rF+ rC+ Int+3 Dex-2 Stlth+} (You found it on level 9 of the Dungeon)
  8732 | D:9      | Found a white marble altar of Elyvilon.
  8806 | D:9      | Found a glowing golden altar of the Shining One.
  8807 | D:9      | Found a sacrificial altar of Ru.
  8956 | D:9      | Found a roughly hewn altar of Beogh.
  8959 | D:9      | Found a staircase to the Orcish Mines.
  9112 | D:8      | Reached skill level 5 in Stealth
  9112 | D:8      | Reached skill level 1 in Ice Magic
  9845 | D:9      | Found a stormy altar of Qazlal.
  9847 | D:9      | Found a bloodstained altar of Trog.
  9963 | Orc:1    | Entered Level 1 of the Orcish Mines
  9963 | Orc:1    | Found Kaena's Gadget Shoppe.
 10071 | D:9      | Reached XP level 11. HP: 23/56 MP: 6/26
 10434 | Orc:2    | Reached skill level 8 in Dodging
 10609 | Orc:1    | Noticed Snorg
 10625 | Orc:1    | Slain by Snorg

Action                   |  1- 3 |  4- 6 |  7- 9 | 10-12 || total
-------------------------+-------+-------+-------+-------++-------
Melee: Unarmed           |   138 |   169 |   179 |    35 ||   521
       Dagger            |       |       |   148 |       ||   148
       Flail             |       |       |   120 |   382 ||   502
 Cast: Beastly Appendage |    11 |    16 |    32 |    23 ||    82
       Sticks to Snakes  |     3 |     6 |    15 |       ||    24
       Spider Form       |       |       |     7 |     4 ||    11
       Ice Form          |       |       |       |     2 ||     2
 Abil: End Transformatio |       |       |     1 |     2 ||     3
Evoke: Wand              |       |       |     3 |       ||     3
  Use: Scroll            |       |       |     4 |     6 ||    10
       Potion            |       |       |       |     1 ||     1
 Stab: Sleeping          |     1 |     1 |     4 |    11 ||    17
       Distracted        |       |       |     1 |     1 ||     2
  Eat: Chunk             |     2 |     5 |    12 |    10 ||    29
       Beef jerky        |       |     1 |     1 |     1 ||     3
       Fruit             |       |       |     7 |       ||     7
